 Dungeon Crawl Stone Soup version 0.30-a0-368-g86fb4627a9 (webtiles) character file.

Game seed: 17149298943358162233

17 mopl the Vexing (level 2, 0/18 HPs)
             Began as an Octopode Hexslinger on Nov 19, 2022.
             Slain by an orc wizard
             ... wielding a +0 dagger
              (4 damage)
             ... on level 3 of the Dungeon.
             The game lasted 00:01:04 (901 turns).

mopl the Vexing (Octopode Hexslinger)                Turns: 901, Time: 00:01:04

Health: 0/18       AC:  1    Str:  9    XL:     2   Next: 62%
Magic:  3/3        EV: 13    Int: 15    God:
Gold:   65         SH:  0    Dex: 12    Spells: 0/3 levels left

rFire   . . .      SeeInvis .    (no weapon)
rCold   . . .      Faith    .    (no shield)
rNeg    . . .      Spirit   .    (helmet restricted)
rPois   .          Reflect  .    (no amulet)
rElec   .          Harm     .    (no ring)
rCorr   .          Rampage  .    (no ring)
Will    .....                    (no ring)
Stlth   ++........               (no ring)
HPRegen 0.23/turn                (no ring)
MPRegen 0.08/turn                (no ring)
                                 (no ring)
                                 (no ring)

@: confused
A: almost no armour, amphibious, 8 rings, camouflage 1, gelatinous body 1,
(nimble swimmer 1), tentacles
a: no special abilities


You were on level 3 of the Dungeon.
You visited 1 branch of the dungeon, and saw 3 of its levels.

You collected 65 gold pieces.

Inventory:

Hand Weapons
 a - a +1 sling
Scrolls
 b - a scroll of poison
 c - a scroll of immolation {unknown}
 d - a scroll of teleportation {unknown}
 f - a scroll of silence {unknown}
 g - a scroll of identify {unknown}
Potions
 e - a potion of curing {unknown}


   Skills:
 - Level 1.0 Fighting
 * Level 3.0 Ranged Weapons
 - Level 2.0 Dodging
 - Level 1.0 Spellcasting
 - Level 3.0 Hexes
 + Level 0.3 Translocations


You couldn't memorise any spells.
You knew the following spells:

 Your Spells              Type           Power      Damage    Failure   Level
a - Slow                  Hex            36%        N/A       7%          1
e - Blink                 Tloc           2%         N/A       32%         2

Your spell library contained the following spells:

 Spells                   Type           Power      Damage    Failure   Level
 Momentum Strike          Conj/Tloc      2%         3d8       34%         2
 Inner Flame              Hex/Fire       5%         N/A       36%         3
 Portal Projectile        Hex/Tloc       10%        N/A       36%         3
 Lesser Beckoning         Tloc           2%         N/A       54%         3
 Cause Fear               Hex            4%         N/A       56%         4


Dungeon Overview and Level Annotations

Branches:
Dungeon (2/15)

Altars:
Kikubaaqudgha


Innate Abilities, Weirdness & Mutations

You cannot wear most types of armour.
You are amphibious.
You can wear up to eight rings at the same time.
Your skin changes colour to match your surroundings (Stealth+).
Your rubbery body absorbs attacks. (AC +1, EV +1)
((You are camouflaged when in or above water. (Stealth+)))
You have tentacles for arms and can constrict up to eight enemies at once.


Message History

You bump into the rock wall.
The orc shouts!
The orc wizard casts a spell.
The orc wizard flickers and vanishes!
Deactivating autopickup; reactivate with Ctrl-A.
An orc comes into view. It is wielding a +0 short sword.
You bump into the rock wall.
The orc hits the fungus with a +0 hand axe.
The fungus begins to die.
You bump into the rock wall.
You bump into the rock wall.
You feel less confused.
You shoot a sling bullet. The sling bullet hits the orc.
The orc is lightly wounded.
You shoot a sling bullet. The sling bullet barely misses the orc.
The orc closely misses you.
You shoot a sling bullet. The sling bullet hits the orc.
The orc is almost dead.
The orc hits you with a +0 flail.
You shoot a sling bullet. The sling bullet hits the orc.
You kill the orc!
You shoot a sling bullet.
The sling bullet closely misses the orc.
The sling bullet hits the orc.
The orc is lightly wounded.
You hear some strange, mumbled words.
You are confused.
You are too confused!
You are too confused!
You are now empty-tentacled.
You hear some strange, mumbled words.
You are more confused.
You bump into the rock wall.
A magic dart appears from out of thin air!
The magic dart hits you!
You bump into the rock wall.
You bump into the rock wall.
Something hits you.
* * * LOW HITPOINT WARNING * * *
You bump into the rock wall.
Something hits you.
You die...

### #..
#.# #.#
#@#
...♣..P
#.#
..P?._P
#o#
...oP.P
#o#
...P.P.
#.#


.oPP. #.# ... #.##.#########.## #...........oo.# #.#############?....# You could
see 2 orcs.

Vanquished Creatures
  An orc (D:3)
  2 endoplasms (D:1)
  2 hobgoblins (D:2)
  A quokka (D:1)
  3 ball pythons
  A bat (D:2)
  2 frilled lizards
  2 kobolds
  3 rats (D:1)
17 creatures vanquished.

Vanquished Creatures (others)
  3 fungi (D:3)
3 creatures vanquished.

Grand Total: 20 creatures vanquished

Notes
Turn   | Place    | Note
-------+----------+-------------------------------------------
     0 | D:1      | mopl the Octopode Hexslinger began the quest for the Orb.
     0 | D:1      | Reached XP level 1. HP: 13/13 MP: 2/2
   288 | D:1      | Reached XP level 2. HP: 18/18 MP: 3/3
   532 | D:1      | Learned a level 2 spell: Blink
   784 | D:2      | Reached skill level 3 in Ranged Weapons
   867 | D:2      | Found an ancient bone altar of Kikubaaqudgha.
   868 | D:2      | You fall into a shaft and drop 1 floor!
   871 | D:3      | Found a faded altar of an unknown god.
   901 | D:3      | Slain by an orc wizard

Illustrated notes

Levels and vault maps discovered:
D:1:      wheals_arrival_shading, layout_loops_ring
D:2:      layout_basic, basic_altar
D:3:      layout_loops_ring, nicolae_ru_great_annihilating_truth,
          dreamdust_ecumenical_altar_grove

Skill      XL: |  1  2 |
---------------+-------+-----
Ranged Weapons | 3 |  3.0
Fighting       | |  1.0
Dodging        | |  2.0
Spellcasting   | |  1.0
Hexes          | |  3.0
Translocations | |  0.3

Action                   || total
-------------------------++-------
 Fire: Sling             ||    36
Dodge: Dodged            ||     4

Table legend: (Time is in decaauts)
 A = Elapsed time spent in this place.
 B = Non-inter-level travel time spent in this place.
 C = Inter-level travel time spent in this place.
 D = Time resting spent in this place.
 E = Time spent auto-exploring this place.
 F = Levels seen in this place.
 G = Mean time per level.
                   A        B        C        D        E       F      G
               +--------+--------+--------+--------+--------+-----+--------+
         Total |    909 |    901 |      8 |      0 |    793 |   3 |  303.0 |
       Dungeon |    909 |    901 |      8 |      0 |    793 |   3 |  303.0 |
               +--------+--------+--------+--------+--------+-----+--------+

Top non-repeatable levels by time:
     D:1: 656 daAuts
     D:2: 219 daAuts
     D:3: 33 daAuts
